 Dungeon Crawl Stone Soup version 0.30-a0-1112-gfb780f5df6 (webtiles) character file.

Game seed: 10862846277148636953

83 omnomnOMINOUS the Digger (level 4, -6/30 HPs)
             Began as an Octopode Wanderer on Apr 19, 2023.
             Mangled by a steam dragon (8 damage)
             ... on level 3 of the Dungeon.
             The game lasted 00:03:17 (1763 turns).

omnomnOMINOUS the Digger (Octopode Wanderer)        Turns: 1763, Time: 00:03:18

Health: -6/30      AC:  1    Str: 12    XL:     4   Next: 44%
Magic:  6/6        EV: 12    Int: 17    God:
Gold:   82         SH:  0    Dex:  9    Spells: 2/6 levels left

rFire   . . .      SeeInvis .    a - +0 whip
rCold   . . .      Faith    .    (no shield)
rNeg    . . .      Spirit   .    (helmet restricted)
rPois   +          Reflect  .    (no amulet)
rElec   .          Rampage  .    l - ring of willpower
rCorr   .                        n - ring of poison resistance
Will    +....                    (no ring)
Stlth   ++                       (no ring)
HPRegen 0.25/turn                (no ring)
MPRegen 0.10/turn                (no ring)
                                 (no ring)
                                 (no ring)

@: no status effects
A: almost no armour, amphibious, 8 rings, camouflage 1, gelatinous body 1,
(nimble swimmer 1), tentacles
a: no special abilities


You were on level 3 of the Dungeon.
You visited 1 branch of the dungeon, and saw 3 of its levels.

You collected 82 gold pieces.

Inventory:

Hand Weapons
 a - a +0 whip (weapon)
Armour
 c - an orb of guile
 q - a +0 kite shield
Jewellery
 l - a ring of willpower (left tentacle)
 n - a ring of poison resistance (right tentacle)
Wands
 b - a wand of polymorph (6)
Scrolls
 e - a scroll of enchant weapon
 f - a scroll of identify
 g - a scroll of silence {unknown}
 h - a scroll of fog
 j - a scroll of teleportation {unknown}
 m - a scroll of poison {unknown}
 o - a scroll of immolation {unknown}
 p - a scroll of blinking {unknown}
 s - a scroll of vulnerability {unknown}
 t - a scroll of noise {unknown}
 u - a scroll of enchant armour {unknown}
Potions
 d - 2 potions of degeneration {unknown}
 i - 2 potions of cancellation {unknown}
 k - a potion of berserk rage {unknown}
 r - a potion of brilliance {unknown}
 v - 2 potions of might {unknown}


   Skills:
 + Level 2.6 Fighting
 + Level 1.4 Dodging
 + Level 0.6 Shields
 + Level 1.8 Spellcasting
 + Level 0.6 Conjurations
 + Level 5.4 Earth Magic
 - Level 2.1 Evocations


You had 2 spell levels left.
You knew the following spells:

 Your Spells              Type           Power      Damage    Failure   Level
a - Sandblast             Erth           40%        2d10      1%          1
b - Stone Arrow           Conj/Erth      22%        3d8       17%         3

Your spell library contained the following spells:

 Spells                   Type           Power      Damage    Failure   Level
 Petrify                  Tmut/Erth      10%        N/A       54%         4
 Lehudib's Crystal Spear  Conj/Erth      5%         10d3      100%        8
 Animate Armour           Summ/Erth      Unusable   N/A       N/A         4

Dungeon Overview and Level Annotations

Branches:
Dungeon (3/15)

Altars:


Innate Abilities, Weirdness & Mutations

You cannot wear most types of armour.
You are amphibious.
You can wear up to eight rings at the same time.
Your skin changes colour to match your surroundings (Stealth+).
Your rubbery body absorbs attacks. (AC +1, EV +1)
((You are camouflaged when in or above water. (Stealth+)))
You have tentacles for arms and can constrict up to eight enemies at once.


Message History

You hit the quokka. Your squeeze misses the quokka.
The quokka is almost dead.
You constrict the quokka.
You kill the quokka!
You start resting.
HP restored.
Items here: )) [ †.
You see here a +0 dagger.
You open the door.
An adder comes into view.
An adder is nearby!
A steam dragon comes into view.
The steam dragon hisses angrily.
There is an open door here.
The steam dragon closely misses you. The steam dragon claws you.
You hit the steam dragon.
The steam dragon is lightly wounded.
The adder bites you. The steam dragon bites you.
The steam dragon closely misses you. The adder bites you.
The steam dragon barely misses you. The steam dragon claws you.
You hit the steam dragon but do no damage.
Your squeeze misses the steam dragon.
The steam dragon is lightly wounded.
The adder barely misses you. The steam dragon barely misses you.
The steam dragon misses you.
Unknown command.
Okay, then.
Unknown command.
As you read the scroll of fog, it crumbles to dust.
The scroll dissolves into smoke.
The adder bites you. The steam dragon breathes steam at you.
The ball of steam hits you!
* * * LOW HITPOINT WARNING * * *
The adder barely misses you.
Unknown command.
As you read the scroll labelled NILESY JEAH, it crumbles to dust.
It is a scroll of identify.
e - a scroll of enchant weapon The adder closely misses you.
The steam dragon bites you!
You die...

#.#.# #.†...# #.#.#
#.....# #.#.#
#.....# #.#.#
#<....# #.#.#
#####+### #.#.#
......#
#.#.#####§§§.##..
###)#....§§§§......
#...)....##@S§.##.
#........##D§..#
+........##....#
#........##....#
#........##....#
#........##....#
################


You could see a steam dragon (catching breath) and an adder.

Vanquished Creatures
  2 adders
  A worm (D:2)
  4 dart slugs
  An orc (D:3)
  4 bats
  5 endoplasms
  6 giant cockroaches
  5 hobgoblins
  A quokka (D:3)
  3 ball pythons
  5 frilled lizards
  4 goblins
  3 kobolds
  5 rats
49 creatures vanquished.

Notes
Turn   | Place    | Note
-------+----------+-------------------------------------------
     0 | D:1      | omnomnOMINOUS the Octopode Wanderer began the quest for the
                  | Orb.
     0 | D:1      | omnomnOMINOUS set off with the following items: a +0 club,
                  | a wand of polymorph (6), 2 scrolls of fog; and the
                  | following spell memorised: Sandblast; and the following
                  | spells available to memorise: Stone Arrow, Petrify.
     0 | D:1      | Reached XP level 1. HP: 14/14 MP: 2/2
   175 | D:1      | Reached XP level 2. HP: 11/19 MP: 3/3
   516 | D:1      | Reached XP level 3. HP: 19/25 MP: 5/5
   520 | D:1      | Learned a level 3 spell: Stone Arrow
   615 | D:1      | Reached skill level 1 in Dodging
  1421 | D:2      | Reached XP level 4. HP: 13/30 MP: 6/6
  1758 | D:3      | Noticed a steam dragon
  1763 | D:3      | Mangled by a steam dragon

Illustrated notes

Levels and vault maps discovered:
D:1:      minmay_arrival_arboretum_small, layout_basic
D:2:      layout_rooms
D:3:      layout_basic, uniq_crazy_yiuf_cottage, uniq_terence, uniq_sigmund

Skill      XL: |  1  2  3 |
---------------+----------+-----
Dodging        | 1 |  1.4
Fighting       | |  2.6
Shields        | |  0.6
Spellcasting   | |  1.8
Conjurations   | |  0.6
Earth Magic    | |  5.4
Evocations     | |  2.1

Action                     |  1- 3 |  4- 6 || total
---------------------------+-------+-------++-------
  Melee: Club              |     9 |       ||     9
         Whip              |    83 |    26 ||   109
         Constrict         |    23 |     6 ||    29
         Tentacles         |    18 |     4 ||    22
         Punch             |       |     2 ||     2
    Use: Scroll            |       |     2 ||     2
   Stab: Sleeping          |     8 |       ||     8
 Armour: Skin              |     4 |     1 ||     5
  Dodge: Dodged            |    70 |    22 ||    92

Table legend: (Time is in decaauts)
 A = Elapsed time spent in this place.
 B = Non-inter-level travel time spent in this place.
 C = Inter-level travel time spent in this place.
 D = Time resting spent in this place.
 E = Time spent auto-exploring this place.
 F = Levels seen in this place.
 G = Mean time per level.
                   A        B        C        D        E       F      G
               +--------+--------+--------+--------+--------+-----+--------+
         Total |   1775 |   1698 |     77 |    171 |   1131 |   3 |  591.7 |
       Dungeon |   1775 |   1698 |     77 |    171 |   1131 |   3 |  591.7 |
               +--------+--------+--------+--------+--------+-----+--------+

Top non-repeatable levels by time:
     D:1: 1051 daAuts
     D:2: 589 daAuts
     D:3: 134 daAuts
